 Dungeon Crawl Stone Soup version 0.30.1-3-gfc49f6343a (webtiles) character file.

Game seed: 1199352489384691399

17088 Peloso the Carver (level 12, -5/95 (108) HPs)
             Began as a Minotaur Fighter on July 18, 2023.
             Was a High Priest of Okawaru.
             Slain by a spectral orc warlord
             ... wielding a +0 dire flail
             ... summoned by Nergalle
              (11 damage)
             ... on level 11 of the Dungeon.
             The game lasted 00:27:09 (12900 turns).

Peloso the Carver (Minotaur Fighter)               Turns: 12900, Time: 00:27:09

HP:   -5/95 (108)   AC: 23    Str: 25    XL:     12   Next: 15%
MP:   12/13         EV: 15    Int:  5    God:    Okawaru [*****.]
Gold: 1535          SH:  7    Dex: 11    Spells: 11/11 levels left

rFire   . . .        a - +0 long sword
rCold   . . .        d - +0 buckler
rNeg    . . .        s - +0 plate armour {Will+}
rPois   .            (helmet restricted)
rElec   .            u - +0 cloak
rCorr   .            q - +0 pair of gloves
SInv    .            B - +0 pair of boots
Will    +....        (no amulet) Stlth
                     l - +5 ring of evasion
HPRegen 0.35/turn    (no ring)
MPRegen 0.13/turn

%: no passive effects
@: heroic, heavily drained
A: horns 2, retaliatory headbutt
a: Renounce Religion, Heroism, Finesse, Duel


You were on level 11 of the Dungeon.
You worshipped Okawaru.
Okawaru was extremely pleased with you.
You visited 2 branches of the dungeon, and saw 12 of its levels.
You also visited: Bailey.

You collected 1535 gold pieces.

Inventory:

Hand Weapons
 a - a +0 long sword (weapon)
Missiles
 z - 3 throwing nets (quivered)
Armour
 b - a +0 scale mail
 c - a +0 plate armour
 d - a +0 buckler (worn)
 e - a +0 plate armour of fire resistance
 q - a +0 pair of gloves (worn)
 s - a +0 plate armour of willpower (worn)
 u - a +0 cloak (worn)
 B - a +0 pair of boots (worn)
Jewellery
 l - a +5 ring of evasion (left hand)
 y - a ring of wizardry
 K - an amulet of guardian spirit
 M - a ring of protection from cold
Wands
 g - a wand of mindburst (2)
 w - a wand of iceblast (10)
 C - a wand of polymorph (12)
 D - a wand of flame (6)
Scrolls
 f - 4 scrolls of noise
 j - 2 scrolls of fear
 k - 2 scrolls of fog
 o - 5 scrolls of immolation
 p - a scroll of enchant armour
 r - 5 scrolls of poison
 t - 6 scrolls of enchant weapon
 v - 2 scrolls of teleportation
 F - a scroll of magic mapping {unknown}
 H - a scroll of brand weapon {unknown}
 J - a scroll of silence
 O - a scroll of butterflies {unknown}
Potions
 h - 2 potions of heal wounds
 i - 10 potions of curing
 m - 5 potions of brilliance
 n - a potion of mutation
 x - 2 potions of resistance
 A - a potion of flight
 G - a potion of attraction {unknown}
 L - a potion of haste


   Skills:
 + Level 10.8(15.8) Fighting
 + Level 14.3(19.3) Long Blades
 + Level 12.1(17.1) Armour
 + Level 3.7(8.7) Dodging
 + Level 1.9(6.9) Stealth
 + Level 9.2(14.2) Shields
 + Level 3.2 Invocations
 + Level 3.4 Evocations


You had 11 spell levels left.
You didn't know any spells.
Your spell library contained the following spells:

 Spells                   Type           Power      Damage    Failure   Level
 Apportation              Tloc           0%         N/A       98%         1
 Magic Dart               Conj           0%         1d3       98%         1
 Necrotise                Necr           0%         1d4       98%         1
 Ensorcelled Hibernation  Hex/Ice        0%         N/A       99%         2
 Passwall                 Tmut/Erth      0%         N/A       99%         2
 Poisonous Vapours        Pois/Air       0%         N/A       99%         2
 Searing Ray              Conj           0%         2d4       99%         2
 Mephitic Cloud           Conj/Pois/Air  0%         N/A       100%        3
 Portal Projectile        Hex/Tloc       0%         N/A       100%        3
 Spider Form              Tmut/Pois      0%         N/A       100%        3
 Swiftness                Air            0%         N/A       100%        3
 Anguish                  Hex/Necr       0%         N/A       100%        4
 Fulminant Prism          Conj/Hex       0%         3d5       100%        4
 Alistair's Intoxication  Tmut/Pois      0%         N/A       100%        5
 Blade Hands              Tmut           0%         N/A       100%        5
 Fireball                 Conj/Fire      0%         3d3       100%        5
 Freezing Cloud           Conj/Ice/Air   0%         6-21      100%        5
 Iskenderun's Battlesphe  Conj           0%         2d6       100%        5
 Conjure Ball Lightning   Conj/Air       0%         3x3d6     100%        6
 Orb of Destruction       Conj           0%         9d5       100%        7
 Summon Small Mammal      Summ           Unusable   N/A       N/A         1
 Tukima's Dance           Hex            Unusable   N/A       N/A         3

Dungeon Overview and Level Annotations

Branches:
Dungeon (11/15)            Temple (1/1) D:6            Lair (0/5) D:9
    Orc (0/2) D:11         Bailey (visited)

Altars:
Cheibriados
Dithmenos
Elyvilon
Fedhas
Gozag
Hepliaklqana
Kikubaaqudgha
Nemelex Xobeh
Okawaru
Qazlal
Sif Muna
Trog
Uskayaw
Vehumet
Wu Jian
Xom
Yredelemnul
Zin
The Shining One

Shops:
D:4 =   D:7 (

Annotations:
D:11 Nergalle


Innate Abilities, Weirdness & Mutations

You have a pair of horns on your head.
You reflexively headbutt those who attack you in melee.


Message History

Unknown command.
You hit Nergalle.
Nergalle is lightly wounded.
Nergalle asks, "There's a tasty morsel, hm?"
Nergalle closely misses you. You furiously retaliate!
You headbutt Nergalle!
The spectral orc warrior hits you but does no damage.
Unknown command.
You hit Nergalle. Your headbutt misses Nergalle.
Nergalle is moderately wounded.
The spectral orc hits you with a +0 dagger.
The spectral orc warlord hits you with a +0 dire flail!
Unknown command.
You hit Nergalle but do no damage. You headbutt Nergalle.
Nergalle is moderately wounded.
The spectral orc warrior barely misses you.
Nergalle closely misses you.
The spectral orc warlord completely misses you.
The spectral orc barely misses you.
Unknown command.
You hit Nergalle.
You headbutt Nergalle, but do no damage.
Nergalle is heavily wounded.
The spectral orc warrior hits you from afar with a +0 trident!
* * * LOW HITPOINT WARNING * * *
You feel drained.
* * * LOW HITPOINT WARNING * * *
Nergalle hits you but does no damage.
You are electrocuted!
* * * LOW HITPOINT WARNING * * *
You hit Nergalle.
Nergalle is heavily wounded.
The spectral orc misses you.
You block the spectral orc warlord's attack.
Nergalle closely misses you.
You block the spectral orc warrior's attack.
Unknown command.
You hit Nergalle but do no damage. Your headbutt misses Nergalle.
Nergalle is heavily wounded.
The spectral orc hits you but does no damage.
The spectral orc warlord hits you with a +0 dire flail!
You die...

###.###.##.##.####.##
#.## #>#
#.##.........^######..###
#.#
#.......###.?...........#
#.# #########
#...#######.#.# #.# #...#
#####.#.### #.#
#...###........รท. #.#
#...##...##.#...# #.#
######Z....###.#.#...#
#.# #..Zo@ZZ..##
##......# #.# #.####....#
#....... ###.# #....##
##...#.#. #...#
#.###.###.#....#. #.###
#.# #....##..#### #.#
#.###.#####....#. #.#
#.....# ######.#. #.#
#.#.### #.. #... #.#
#.#.# #.##.##.#


You could see Nergalle, a spectral orc (summoned), 2 spectral orc warriors and a
spectral orc warlord (summoned).

Vanquished Creatures
  A boulder beetle (D:11)
  4 two-headed ogres
  Sonja (D:11)
  Amaemon (D:9)
  2 orc knights (Bailey)
  An orc sorcerer (Bailey)
  An orange demon (D:9)
  An unseen horror (D:11)
  Psyche (D:8)
  A kobold demonologist (Bailey)
  A komodo dragon (D:10)
  A hornet (D:9)
  2 trolls
  A shadow (D:10)
  2 vampires (D:10)
  26 yaks
  3 steam dragons
  Edmund (D:4)
  2 wargs (D:11)
  An acid dragon (D:5)
  4 water moccasins
  An ice beast (D:5)
  2 sky beasts
  A black bear (D:5)
  14 orc warriors
  2 ogres
  2 wolves (D:9)
  3 centaurs
  A kobold brigand (D:9)
  4 bullfrogs
  A scorpion (D:6)
  3 wights (D:9)
  4 killer bees (D:6)
  7 electric eels
  A howler monkey (D:6)
  6 hounds
  8 orc priests
  2 jellies
  A gnoll bouda (D:7)
  4 iguanas
  7 orc wizards
  Robin (D:1)
  9 adders
  11 gnolls
  A white imp (D:7)
  3 ufetubi
  2 worms
  45 orcs
  3 endoplasms
  32 goblins
  13 hobgoblins
  A quokka (D:2)
  7 ball pythons
  2 bats
  3 frilled lizards
  6 kobolds
  4 rats
  A spectral orc (D:3)
276 creatures vanquished.

Vanquished Creatures (others)
  An orc wizard (D:6)
1 creature vanquished.

Grand Total: 277 creatures vanquished

Notes
Turn   | Place    | Note
-------+----------+-------------------------------------------
     0 | D:1      | Peloso the Minotaur Fighter began the quest for the Orb.
     0 | D:1      | Reached XP level 1. HP: 19/19 MP: 0/0
   914 | D:2      | Reached XP level 2. HP: 27/27 MP: 1/1
  1057 | D:2      | Reached skill level 3 in Long Blades
  1095 | D:2      | Noticed Robin
  1120 | D:2      | Reached XP level 3. HP: 19/33 MP: 2/2
  1131 | D:1      | Killed Robin
  1388 | D:2      | Reached skill level 4 in Long Blades
  1388 | D:2      | Reached XP level 4. HP: 27/40 MP: 3/3
  2248 | D:3      | Noticed an ogre
  2266 | D:3      | Killed an ogre
  2267 | D:3      | Reached skill level 5 in Armour
  2267 | D:3      | Reached XP level 5. HP: 28/47 MP: 4/4
  2525 | D:3      | Found a basalt altar of Yredelemnul.
  2797 | D:4      | Noticed Edmund
  2944 | D:4      | Found a glowing silver altar of Zin.
  2996 | D:4      | Reached skill level 5 in Long Blades
  3000 | D:5      | Entered Level 5 of the Dungeon
  3005 | D:5      | Reached XP level 6. HP: 53/53 MP: 5/5
  3062 | D:4      | Found Jifruf's One-of-a-Kind Rings.
  3126 | D:5      | Noticed a water moccasin
  3144 | D:5      | Killed a water moccasin
  3145 | D:5      | Reached skill level 6 in Long Blades
  3625 | D:4      | Reached XP level 7. HP: 41/60 MP: 6/6
  3638 | D:4      | Found a snail-covered altar of Cheibriados.
  3718 | D:4      | Killed Edmund
  3832 | D:5      | Reached skill level 5 in Fighting
  4038 | D:4      | Reached skill level 1 in Dodging
  4260 | D:5      | Reached skill level 7 in Long Blades
  4552 | D:5      | Found an opulent altar of Gozag.
  4573 | D:5      | Reached XP level 8. HP: 57/69 MP: 7/7
  4994 | D:6      | Reached skill level 8 in Long Blades
  5133 | D:6      | Found a staircase to the Ecumenical Temple.
  5191 | Temple   | Entered the Ecumenical Temple
  5199 | Temple   | Became a worshipper of Warmaster Okawaru
  5526 | D:6      | Reached skill level 1 in Stealth
  5526 | D:6      | Reached skill level 5 in Shields
  6081 | D:6      | Reached skill level 9 in Long Blades
  6234 | D:6      | Reached * piety under Okawaru
  6428 | D:7      | Found a flagged portal.
  6496 | D:7      | Reached XP level 9. HP: 54/75 MP: 8/8
  6505 | Bailey   | Entered a bailey
  6784 | Bailey   | Reached skill level 10 in Long Blades
  6894 | Bailey   | Noticed a kobold demonologist
  6914 | Bailey   | Noticed a rust devil
  6914 | Bailey   | Killed a kobold demonologist
  6953 | Bailey   | Acquired 738 gold pieces
  7148 | Bailey   | Noticed an orc knight
  7176 | Bailey   | Killed an orc knight
  7176 | Bailey   | Reached ** piety under Okawaru
  7177 | Bailey   | Reached skill level 11 in Long Blades
  7177 | Bailey   | Reached skill level 1 in Invocations
  7177 | Bailey   | Reached skill level 1 in Evocations
  7217 | Bailey   | Found an iron altar of Okawaru.
  7218 | Bailey   | Noticed an orc knight
  7219 | Bailey   | Noticed an orc sorcerer
  7224 | Bailey   | Noticed a hellwing
  7225 | Bailey   | Killed an orc knight
  7226 | Bailey   | Reached XP level 10. HP: 86/86 MP: 8/10
  7229 | Bailey   | Killed an orc sorcerer
  7229 | Bailey   | Reached *** piety under Okawaru
  7372 | Bailey   | Reached skill level 10 in Armour
  7858 | D:7      | Found Seosar's Antique Weapon Shoppe.
  8580 | D:8      | Reached skill level 12 in Long Blades
  8599 | D:8      | Noticed Psyche
  8602 | D:8      | Killed Psyche
  8644 | D:8      | Reached **** piety under Okawaru
  8739 | D:8      | Found a sparkling altar of Nemelex Xobeh.
  8778 | D:8      | Found a bloodstained altar of Trog.
  8855 | D:8      | Noticed a two-headed ogre
  8873 | D:8      | Killed a two-headed ogre
  8874 | D:8      | Noticed a two-headed ogre
  9083 | D:8      | Killed a two-headed ogre
  9084 | D:8      | Reached XP level 11. HP: 67/95 MP: 11/11
  9690 | D:9      | Reached skill level 13 in Long Blades
 10103 | D:9      | Received a gift from Okawaru
 10250 | D:9      | Found a staircase to the Lair.
 10389 | D:9      | Noticed Amaemon
 10407 | D:9      | Killed Amaemon
 10545 | D:10     | Entered Level 10 of the Dungeon
 11049 | D:10     | Reached skill level 10 in Fighting
 11382 | D:10     | Reached skill level 14 in Long Blades
 11991 | D:11     | Noticed Sonja
 11993 | D:11     | Killed Sonja
 12351 | D:11     | Reached ***** piety under Okawaru
 12420 | D:11     | Found a staircase to the Orcish Mines.
 12640 | D:11     | Noticed a two-headed ogre
 12653 | D:11     | Killed a two-headed ogre
 12654 | D:11     | Reached XP level 12. HP: 107/108 MP: 11/13
 12772 | D:11     | Noticed a boulder beetle
 12774 | D:11     | Noticed a two-headed ogre
 12777 | D:11     | Killed a boulder beetle
 12779 | D:11     | Found an iron altar of Okawaru.
 12786 | D:11     | Killed a two-headed ogre
 12876 | D:11     | Noticed Nergalle
 12900 | D:11     | Slain by a spectral orc warlord

Illustrated notes

Levels and vault maps discovered:
D:1:      tarquinn_simple_flora_water_f, layout_basic
D:2:      cheibrodos_pilgrimage, layout_loops_corners, serial_rivers,
          chequers_serial_rivers_small_3, chequers_serial_rivers_small_b,
          chequers_serial_rivers_micro_e, chequers_serial_rivers_room_a,
          chequers_serial_rivers_small_a, chequers_serial_rivers_small_a,
          moated_statue, uniq_robin
D:3:      layout_basic, yredelemnul_forgotten_temple_becter,
          minmay_ogre_servants
D:4:      layout_rooms, mainiacjoe_overflow_tiny_flanked, lemuel_round_altar,
          nicolae_shop_unique_rings, uniq_edmund
D:5:      layout_rooms, mainiacjoe_overflow_24_doors
D:6:      layout_layer_cave, minmay_temple_entry_grid
D:7:      layout_basic, serial_shops, nicolae_shop_hallway_plus, enter_bailey_5
D:8:      layout_rooms, mainiacjoe_overflow_big_doors, uniq_psyche
D:9:      layout_irregular_city, erik_lair_island, uniq_amaemon
D:10:     layout_basic
D:11:     layout_loops_ring, erik_orc_3, okawaru_metal_pillars_1_2, uniq_sonja,
          uniq_nergalle
Temple:   nicolae_temple_x_marks_the_god

Skill      XL: |  1  2  3  4  5  6  7  8  9 10 11 12 |
---------------+-------------------------------------+-----
Armour         | 4 5 6 7 8 9 10 11 12 | 12.1
Long Blades    | 3 4 5 6 7 9 11 12 14 | 14.3
Fighting       | 4 5 6 7 8 10 | 10.8
Shields        | 4 5 6 7 9 |  9.2
Dodging        | 1 2 3 |  3.7
Stealth        | 1 |  1.9
Invocations    | 1 2 3 |  3.2
Evocations     | 1 3 |  3.4

Action                     |  1- 3 |  4- 6 |  7- 9 | 10-12 || total
---------------------------+-------+-------+-------+-------++-------
  Melee: Long sword        |    73 |    99 |   316 |   587 ||  1075
         Headbutt          |     9 |    12 |    61 |   143 ||   225
 Invoke: Heroism           |       |       |     6 |    10 ||    16
  Evoke: Wand              |       |       |    12 |    29 ||    41
    Use: Scroll            |     6 |     2 |     3 |     5 ||    16
         Potion            |       |     1 |     2 |     9 ||    12
 Armour: Scale mail        |    23 |       |       |       ||    23
         Chain mail        |    13 |    39 |    95 |       ||   147
         Plate armour      |       |       |     8 |   227 ||   235
  Dodge: Dodged            |    26 |    50 |   192 |   275 ||   543
  Block: Buckler           |    12 |    21 |    80 |   151 ||   264
